 Dungeon Crawl Stone Soup version 0.31.0-11-ge490571c62 (webtiles) character file.

Game seed: 14584131660503154397

145 qw the Skirmisher (level 5, -6/29 HPs)
             Began as a Deep Elf Hunter on Feb 3, 2024.
             Shot with an arrow by a centaur (9 damage)
             ... on level 3 of the Dungeon.
             The game lasted 00:00:08 (2232 turns).

qw the Skirmisher (Deep Elf Hunter)                 Turns: 2232, Time: 00:00:08

Health: -6/29      AC:  3    Str: 10    XL:     5   Next: 6%
Magic:  7/7        EV: 12    Int: 14    God:
Gold:   89         SH:  0    Dex: 18    Spells: 4/4 levels left

rFire   . . .        a - +0 shortbow
rCold   . . .        (shield currently unavailable)
rNeg    . . .        c - +0 leather armour
rPois   .            (no helmet)
rElec   .            (no cloak)
rCorr   .            (no gloves)
SInv    .            (no boots)
Will    .....        (no amulet)
Stlth   ++           (no ring)
HPRegen 0.24/turn    (no ring)
MPRegen 0.10/turn

%: no passive effects
@: no status effects
A: no striking features
a: no special abilities


You were on level 3 of the Dungeon.
You visited 1 branch of the dungeon, and saw 3 of its levels.

You collected 89 gold pieces.


   Skills:
 - Level 1.5 Fighting
 + Level 8.4 Ranged Weapons
 - Level 2.4 Dodging
 - Level 1.2 Stealth


You had 4 spell levels left.
You didn't know any spells.
Your spell library was empty.

Inventory:

Hand Weapons
 a - a +0 shortbow (weapon)
Armour
 c - a +0 leather armour (worn)
Wands
 b - a wand of acid (6)
Potions
 d - a potion of might
 e - a potion of invisibility {unknown}
 f - a potion of curing {unknown}
 g - a potion of haste {unknown}
 h - a potion of lignification {unknown}
 i - a potion of attraction {unknown}
 j - 2 potions of brilliance {unknown}
 k - a potion of heal wounds {unknown}

Dungeon Overview and Level Annotations

Branches:
Dungeon (3/15)

Altars:
Qazlal


Message History

You shoot an arrow. The arrow hits the orc!
You kill the orc!
You shoot an arrow. The arrow barely misses the orc.
The orc hits you with a +0 club.
You shoot an arrow. The arrow hits the orc.
The orc is lightly wounded.
The orc closely misses you.
You shoot an arrow. The arrow hits the orc.
The orc is lightly wounded.
The orc misses you.
You shoot an arrow. The arrow hits the orc!
You kill the orc!
You start resting.
HP restored.
You now have 89 gold pieces (gained 8).
Items here: % ( )).
You see here a +3 spear.
A goblin comes into view. It is wielding a +0 club.
You shoot an arrow. The arrow hits the goblin.
You kill the goblin!
You see here a +0 club.
Found a stone staircase leading up.
You see here a +0 club.
You see here a +3 spear.
Found a stone staircase leading down.
Things that are here:
a +0 flail; a boomerang; an orc corpse A centaur comes into view.
You shoot an arrow. The arrow hits the centaur.
The centaur is lightly wounded.
You shoot an arrow. The arrow hits the centaur.
The centaur is moderately wounded.
The centaur wields a +0 shortbow.
The centaur shoots an arrow.
The arrow hits you!
The centaur shoots an arrow.
The arrow hits you!
You shoot an arrow. The arrow closely misses the centaur.
The centaur shoots an arrow.
The arrow closely misses you.
You shoot an arrow. The arrow closely misses the centaur.
The centaur shoots an arrow.
The arrow closely misses you.
The centaur shoots an arrow.
The arrow hits you!
You die...

### #<# #.#
######################.#
#....).................#
#.######################
#.#
#.######################
#.##............@.....c.
#.##>........###########
#.######)###.#
#..).....###.#
#######......# #.#)####
#.#.).## #.#.#..##
....##..#####


You could see a centaur.

Vanquished Creatures
  An orc priest (D:3)
  3 gnolls (D:2)
  2 adders (D:2)
  4 ribbon worms
  4 orcs
  6 endoplasms
  3 giant cockroaches
  3 goblins
  4 hobgoblins
  7 jackals
  A kobold (D:2)
  3 quokkas
  5 ball pythons
  2 bats
  2 frilled lizards
  3 rats (D:1)
53 creatures vanquished.

Notes
Turn   | Place    | Note
-------+----------+-------------------------------------------
     0 | D:1      | qw the Deep Elf Hunter began the quest for the Orb.
     0 | D:1      | Reached XP level 1. HP: 12/12 MP: 3/3
     0 | D:1      | 0 ||| qw: Version: 0.3-a-157-g843a77d
     0 | D:1      | 0 ||| qw: Game counter: 3765
     0 | D:1      | 0 ||| qw: Melee chars always use a shield: true
     0 | D:1      | 0 ||| qw: God list: Okawaru
     0 | D:1      | 0 ||| qw: Allow faded altars: false
     0 | D:1      | 0 ||| qw: Do Orc after clearing Dungeon:15 true
     0 | D:1      | 0 ||| qw: Do second Lair branch before Depths: true
     0 | D:1      | 0 ||| qw: Lair rune preference: random
     0 | D:1      | 0 ||| qw: Goals: Normal
     0 | D:1      | 0 ||| PLANNING D:1-11
     2 | D:1      | Noticed a djinni
     2 | D:1      | Noticed a formicid
     4 | D:1      | Noticed an armataur
     4 | D:1      | Noticed a vine stalker
     6 | D:1      | Noticed a vampire
     6 | D:1      | Noticed an octopode
     8 | D:1      | Noticed a ghoul
     8 | D:1      | Noticed a draconian
    10 | D:1      | Noticed a demigod
    12 | D:1      | Noticed a barachi
    12 | D:1      | Noticed an oni
    14 | D:1      | Noticed a human
    14 | D:1      | Noticed a demonspawn
    16 | D:1      | Noticed a gargoyle
    18 | D:1      | Noticed a minotaur
    18 | D:1      | Noticed a felid
    20 | D:1      | Noticed a merfolk
    22 | D:1      | Noticed a spriggan
    22 | D:1      | Noticed an elf
    24 | D:1      | Noticed a tengu
    26 | D:1      | Noticed a troll
    26 | D:1      | Noticed a naga
   202 | D:1      | Reached XP level 2. HP: 16/16 MP: 4/4
   210 | D:1      | Reached skill level 6 in Ranged Weapons
   876 | D:1      | 876 ||| READING scroll labelled DEITOU QETU.
   906 | D:1      | 906 ||| READING scroll labelled VOUBBU CIASAI.
   907 | D:1      | 907 ||| READING 3 scrolls labelled ONGOL BAUCOAL.
   908 | D:1      | 908 ||| DROPPING scroll of butterflies.
   909 | D:1      | 909 ||| DROPPING 2 scrolls of fear.
   926 | D:2      | 926 ||| STAIRDANCE
   931 | D:2      | 931 ||| STAIRDANCE
   947 | D:2      | 947 ||| STAIRDANCE
   953 | D:1      | HP: 4/16 [jackal (3)]
  1082 | D:2      | Reached XP level 3. HP: 20/20 MP: 5/5
  1095 | D:2      | Found a stormy altar of Qazlal.
  1115 | D:2      | 1115 ||| RETREEEEATING.
  1117 | D:2      | 1117 ||| RETREEEEATING.
  1128 | D:2      | Reached skill level 7 in Ranged Weapons
  1128 | D:2      | 1128 ||| FLEEEEING.
  1129 | D:2      | 1129 ||| FLEEEEING.
  1130 | D:2      | 1130 ||| FLEEEEING.
  1131 | D:2      | 1131 ||| FLEEEEING.
  1132 | D:2      | 1132 ||| FLEEEEING.
  1133 | D:2      | 1133 ||| FLEEEEING.
  1134 | D:2      | 1134 ||| FLEEEEING.
  1135 | D:2      | 1135 ||| FLEEEEING.
  1136 | D:2      | 1136 ||| FLEEEEING.
  1137 | D:2      | 1137 ||| FLEEEEING.
  1138 | D:2      | 1138 ||| FLEEEEING.
  1139 | D:2      | 1139 ||| FLEEEEING.
  1140 | D:2      | 1140 ||| FLEEEEING.
  1141 | D:2      | 1141 ||| FLEEEEING.
  1142 | D:2      | 1142 ||| FLEEEEING.
  1143 | D:2      | 1143 ||| FLEEEEING.
  1144 | D:2      | 1144 ||| FLEEEEING.
  1145 | D:2      | 1145 ||| FLEEEEING.
  1431 | D:2      | Reached XP level 4. HP: 25/25 MP: 6/6
  1871 | D:2      | 1871 ||| READING scroll labelled EMUFOOCI NAD.
  1871 | D:2      | 1871 ||| IDENTIFYING coppery potion
  1872 | D:2      | 1872 ||| READING scroll labelled NUTEUC ATIA.
  1986 | D:3      | Reached skill level 8 in Ranged Weapons
  2115 | D:3      | Reached XP level 5. HP: 25/29 MP: 7/7
  2228 | D:3      | Noticed a centaur
  2230 | D:3      | HP: 3/29 [centaur/arrow (12)]
  2232 | D:3      | Shot with an arrow by a centaur

Levels and vault maps discovered:
D:1:      kb_arrival_jail, layout_basic, chequers_serial_rivers_large_b
D:2:      layout_basic, basic_altar, kennysheep_generic_room_9
D:3:      layout_basic, ebering_ghost_gozag,
          hellmonk_ecumenical_altar_heavens_door, nicolae_the_louvre

Skill      XL: |  1  2  3  4 |
---------------+-------------+-----
Ranged Weapons | 6 7 8 |  8.4
Fighting       | |  1.5
Dodging        | |  2.4
Stealth        | |  1.2

Action                     |  1- 3 |  4- 6 || total
---------------------------+-------+-------++-------
   Fire: Shortbow          |    80 |    90 ||   170
    Use: Scroll            |     3 |     2 ||     5
 Armour: Leather armour    |    18 |    19 ||    37
  Dodge: Dodged            |    32 |    27 ||    59

Table legend:
 A = Non-vault XP
 B = Vault XP
 C = Vault XP percentage of total XP
 D = Non-vault monster count
 E = Vault monster count
 F = Vault count percentage of total count
                 A         B        C        D         E       F
            +---------+---------+-------+---------+---------+-------
      Total |     208 |       0 |   0.0 |      53 |       0 |   0.0
            +---------+---------+-------+---------+---------+-------
        D:1 |      35 |       0 |   0.0 |      21 |       0 |   0.0
        D:2 |     108 |       0 |   0.0 |      22 |       0 |   0.0
        D:3 |      65 |       0 |   0.0 |      10 |       0 |   0.0
            +---------+---------+-------+---------+---------+-------
